[Event "American Cup Champions 2022"]
[Site "Saint Louis"]
[Date "2022.04.24"]
[Round "3.1"]
[White "Caruana, Fabiano"]
[Black "Dominguez Perez, Leinier"]
[Result "1-0"]
[ECO "A33"]
[WhiteElo "2792"]
[BlackElo "2752"]
[Annotator "TA"]
[PlyCount "105"]
[EventDate "2022.04.20"]
[EventType "k.o."]
[EventCountry "USA"]
[SourceTitle "playchess.com"]
[Source "ChessBase"]
[SourceQuality "1"]
[TimeControl "5400+30"]

1. c4 c5 2. Nf3 Nf6 3. Nc3 Nc6 4. d4 cxd4 5. Nxd4 e6 6. g3 Qb6 7. Ndb5 {[%emt 0:00:17] is cutting edge theory.} Ne5 8. Bf4 {[%emt 0:00:11] A33: Symmetrical English: 2 Nf3 Nf6 3 d4 cxd4 4 Nxd4 e6 5 Nc3 Nc6.} Nfg4 {[%emt 0:01:33][%cal Oe5f3] [#] ( -> ...Nf3+!)} 9. e3 a6 10. h3 {[%emt 0:00:07] The position is equal.} axb5 11. hxg4 Nxc4 {[%emt 0:00:21] [#]} 12. g5 $1 $146 {[%emt 0:00:26][%mdl 8] A top novelty.} (12. Qb3 $11 d5 13. Bxc4 dxc4 14. Qxb5+ Qxb5 15. Nxb5) ({Predecessor:} 12. Qb3 d5 13. Bxc4 dxc4 14. Qxb5+ Qxb5 15. Nxb5 Bb4+ 16. Ke2 Ke7 17. a3 Bc5 18. Rhd1 {1-0 (42) Giri,A (2776)-Vachier Lagrave,M (2749) Zagreb 2021}) 12... d5 ({Much weaker is} 12... Nxb2 13. Qb3 Qc6 14. Qxb2 $11) (12... Bb4 $15 13. Bxc4 bxc4) 13. a4 $1 $11 bxa4 (13... Be7 {feels hotter.} 14. axb5 Nxb2 15. Qc1 Rxa1 16. Qxa1 Nc4) 14. Bxc4 dxc4 15. Rxa4 Rxa4 (15... Qc6 {with more complications.} 16. Rxa8 Qxh1+ 17. Kd2 Qxd1+ 18. Kxd1 Kd7) 16. Qxa4+ Qc6 (16... Bd7 {seems wilder.} 17. Qa8+ Ke7 18. O-O f5) 17. Qxc6+ bxc6 18. Be5 Ke7 {[%emt 0:20:21] [#]} (18... Bb7 $11) 19. Ne4 $1 $16 Bb7 20. Rh4 {[%emt 0:14:12] 0x0.001b374052dedp-1022s more active pieces.} Ke8 21. Nd2 h6 22. Nxc4 Ba6 23. Nd6+ Bxd6 24. Bxd6 $14 {[%emt 0:00:04][%mdl 4096] Endgame KRB-KRB} Bb5 25. Be5 (25. e4 $14 {was preferrable.}) 25... Kf8 $11 26. f3 Kg8 27. g6 fxg6 28. Rd4 g5 29. Rd8+ {[%emt 0:15:48][%mdl 1024] White has compensation.} Kh7 30. Rd7 Rg8 31. Kf2 h5 32. e4 Kh6 33. Ke3 Kg6 34. b3 h4 35. g4 Kh7 36. Kf2 Kg6 37. Bc3 Kh7 38. Re7 Ra8 (38... h3 $11) 39. Rxg7+ $16 Kh6 40. Bf6 ({White should try} 40. f4 $1 $14 Ra2+ 41. Kf3 Be2+ 42. Ke3 Bxg4 43. fxg5+ Kh5 44. Rg8) 40... Ra2+ 41. Ke3 e5 $1 42. Bxe5 h3 (42... Re2+ $11 43. Kd4 Rd2+ 44. Kc5 Rf2) 43. Rg8 c5 44. f4 $1 gxf4+ 45. Kxf4 {[%emt 0:01:23] Threatens to win with g5+.} Rf2+ $1 46. Kg3 Re2 47. Kf3 {[%emt 0:00:55] Black must now prevent g5+.} Rd2 $2 {[%emt 0:01:45][%mdl 8192] This costs Black the game.} (47... Re1 $14) 48. g5+ $18 {[%emt 0:00:53] White is clearly winning.} Kh5 49. Rh8+ Kg6 50. Rh6+ Kf7 51. g6+ Ke7 52. g7 {[%emt 0:00:24] Rh7 would kill now.} Rg2 53. Rxh3 {[%emt 0:00:37] Weighted Error Value: White=0.07 (flawless) /Black=0.13 (very precise)} 1-0

[Event "American Cup Champions 2022"]
[Site "Saint Louis"]
[Date "2022.04.25"]
[Round "3.2"]
[White "Dominguez Perez, Leinier"]
[Black "Caruana, Fabiano"]
[Result "1/2-1/2"]
[ECO "C50"]
[WhiteElo "2752"]
[BlackElo "2792"]
[Annotator "TA"]
[PlyCount "109"]
[EventDate "2022.04.20"]
[EventType "k.o."]
[EventCountry "USA"]
[SourceTitle "playchess.com"]
[Source "ChessBase"]
[SourceQuality "1"]
[TimeControl "5400+30"]

1. e4 e5 2. Nf3 Nc6 3. Bc4 Bc5 4. O-O Nf6 5. d3 O-O 6. Re1 {[%emt 0:00:06] C50: Hungarian Defence and Giuoco Pianissimo.} Ng4 $1 {[%emt 0:01:10][%mdl 4] outshines the older 6...d6.} 7. Re2 Kh8 8. h3 f5 9. Bg5 ({Much worse is} 9. hxg4 fxg4 10. Ng5 Qf6 $17) 9... Nf6 10. Nc3 d6 {[%emt 0:01:07] [#]} 11. exf5 $146 ({Predecessor:} 11. Nd5 fxe4 12. dxe4 Be6 13. Nxf6 gxf6 14. Bxe6 fxg5 15. Bg4 Qf6 16. c3 Qg6 17. b4 {0-1 (43) So,W (2772)-Nihal,S (2650) Chess.com INT 2021}) 11... Bxf5 12. Na4 Bb6 13. Nxb6 axb6 14. d4 h6 15. dxe5 {[%emt 0:00:39] [#] Black must now prevent Bxf6.} dxe5 16. Bh4 e4 17. Nh2 Qe8 18. Qe1 Rd8 (18... Qg6 {keeps more tension.} 19. Qc3 Na5 20. Re3 Nxc4 21. Qxc4 c6) 19. Rd1 Rxd1 20. Qxd1 Be6 (20... Nh5 $11) 21. Bxe6 Qxe6 22. Bxf6 Qxf6 23. c3 e3 24. f3 Qe6 25. Qb3 Qxb3 26. axb3 $14 {[%emt 0:00:01][%mdl 4096] Endgame KRN-KRN} Rd8 27. Nf1 {[%emt 0:09:40] Prevents Rd2.} Rd1 28. Rxe3 Na5 29. b4 (29. Re8+ $16 Kh7 30. Re7) 29... Nc4 $11 30. Re2 {[%emt 0:06:50] Black should prevent Kf2.} Rb1 $1 31. Kf2 {[%emt 0:05:35] Nd2 is the strong threat.} Nxb2 32. Re8+ Kh7 33. Ne3 Nd3+ 34. Kg3 Re1 35. f4 Nb2 36. Kf2 Rc1 37. f5 c6 $1 {[%emt 0:04:02] The position is equal.} 38. Re7 Kg8 $1 39. Rxb7 Rxc3 40. Ke2 h5 41. g4 ({Wrong is} 41. Rxb6 $2 Rxe3+ 42. Kxe3 Nc4+ 43. Kd4 Nxb6 $19) 41... hxg4 42. hxg4 {[%emt 0:00:12] [#] Hoping for g5.} Nc4 43. Nxc4 Rxc4 {[%emt 0:00:04] KR-KR} 44. g5 {[%emt 0:00:24] And now g6 would win.} Rxb4 45. Kf3 c5 46. g6 Kf8 47. Rf7+ Kg8 48. Rb7 $1 Kf8 49. Rf7+ Kg8 50. Re7 Kf8 {[%emt 0:00:05] Inhibits Re8+.} 51. Rb7 Rb1 52. Rf7+ Kg8 53. Rb7 Kf8 54. Rf7+ Kg8 55. Rb7 {[%emt 0:00:06] Weighted Error Value: White=0.04 (flawless) /Black=0.05 (flawless)} 1/2-1/2

[Event "American Cup Champions 2022"]
[Site "Saint Louis"]
[Date "2022.04.27"]
[Round "4.2"]
[White "Aronian, Levon"]
[Black "Caruana, Fabiano"]
[Result "1/2-1/2"]
[ECO "C54"]
[WhiteElo "2772"]
[BlackElo "2792"]
[Annotator "TA"]
[PlyCount "104"]
[EventDate "2022.04.20"]
[EventType "k.o."]
[EventCountry "USA"]
[SourceTitle "playchess.com"]
[Source "ChessBase"]
[SourceQuality "1"]
[TimeControl "5400+30"]

1. e4 e5 2. Nf3 Nc6 3. Bc4 Nf6 4. d3 Bc5 5. O-O O-O 6. h3 d6 7. c3 a5 {[%emt 0:00:28] C54: Giuoco Piano: 4 c3 Nf6, main lines with 5 d4 and 5 d3.} 8. Re1 h6 9. Nbd2 Be6 10. Bb5 Ba7 11. Nf1 Ne7 12. Ng3 c6 13. Ba4 b5 {[%emt 0:00:17] [#]} 14. Bb3 $146 ({Predecessor:} 14. Bc2 a4 15. d4 Ng6 16. Be3 Re8 17. b3 axb3 18. axb3 Qc7 19. Qd2 Bb6 20. b4 {1-0 (68) So,W (2772)-Xiong,J (2687) Chess.com INT 2021}) 14... a4 15. Bxe6 fxe6 16. d4 Ng6 17. Be3 Nd7 18. Nh5 Nf4 19. Bxf4 exf4 20. e5 Qe8 21. Nh4 $1 f3 $1 (21... g5 22. Qg4 $16 (22. exd6 f3 $14)) 22. Ng3 dxe5 {[%emt 0:06:06] White must now prevent ...fxg2.} 23. Nxf3 Qf7 (23... exd4 $14 24. cxd4 Nf6) 24. dxe5 $16 Nb6 25. Ne4 (25. Ne2 $16) 25... Nd5 26. a3 c5 {[%emt 0:17:53] Against Nd4} (26... Nf4 $11 {keeps the balance.}) 27. Nd6 Qg6 28. Nh4 Qg5 29. Qg4 Qxg4 30. hxg4 c4 31. Nf3 Rf4 (31... Rab8 $14) 32. Nxb5 {[%emt 0:02:31] Pair of Knights!} Rxg4 33. Kf1 (33. Nh2 $16 Rf4 34. Re2) 33... h5 (33... Bc5 $1 $14) 34. Rad1 Bc5 35. Nbd4 (35. Nd6 {feels hotter.} Nf4 36. Re4 Nd3 37. Nd4) 35... Nf4 36. g3 (36. Re4 {looks sharper.} Nd3 37. Nd2 Rf8 38. f3) 36... Nd3 37. Rxd3 cxd3 38. Nxe6 Be7 39. Rd1 Kf7 (39... h4 $11) 40. Nf4 $36 {[%emt 0:01:15][%mdl 2048] Keeping Black busy.} Rd8 (40... h4 $142) 41. Nd4 (41. Nxh5 Rb8 $14) 41... h4 42. Rxd3 (42. Nxd3 hxg3 43. Kg2 gxf2+ 44. Kxf2 g5 $11) ({White should play} 42. Kg2 $1 $18) 42... hxg3 43. Rf3 {[%emt 0:01:36] Nd5+ is the strong threat. White is more active.} ({Don't do} 43. fxg3 Bg5 $14) 43... gxf2 (43... Ke8 $16 {was necessary.}) 44. Nfe6+ $18 (44. Rxf2 Kg8 $11) 44... Ke8 {[%emt 0:00:03] Threatens to win with ...Bh4.} 45. Nxd8 Bh4 {[%emt 0:00:22] [#] Hoping for ...Rg1+.} 46. N8e6 (46. Ne2 $1 $16 Kxd8 (46... Bxd8 47. Kxf2) 47. Rd3+ (47. Rf4 Rxf4 48. Nxf4 Kd7 $16) 47... Ke7 48. Rd4 Rxd4 49. cxd4 (49. Nxd4 Bg5 $16)) 46... Rg1+ $11 {[%emt 0:00:05] The position is equal.} 47. Ke2 Re1+ 48. Kd3 g6 49. Nc7+ Kd8 50. Nce6+ Ke8 51. Nc7+ Kd8 52. Nce6+ Ke8 {[%emt 0:00:20] White really could win this.  Weighted Error Value: White=0.15 (very precise) /Black=0.19 (very precise)} 1/2-1/2

[Event "American Cup Champions 2022"]
[Site "Saint Louis"]
[Date "2022.04.28"]
[Round "4.3"]
[White "Caruana, Fabiano"]
[Black "Aronian, Levon"]
[Result "1-0"]
[ECO "A29"]
[WhiteElo "2792"]
[BlackElo "2772"]
[Annotator "TA"]
[PlyCount "105"]
[EventDate "2022.04.20"]
[EventType "k.o."]
[EventCountry "USA"]
[SourceTitle "playchess.com"]
[Source "ChessBase"]
[SourceQuality "1"]
[TimeControl "5400+30"]

1. c4 Nf6 2. Nc3 e5 3. Nf3 Nc6 4. g3 Nd4 5. Bg2 Nxf3+ 6. Bxf3 Bc5 7. d3 {[%emt 0:06:00] has lost popularity (7.0-0). A29: English Opening: Four Knights Variation with 4 g3.} O-O 8. O-O {[%emt 0:00:54] [#]} a5 $146 ({Predecessor:} 8... Re8 9. Bg2 c6 10. Bg5 h6 11. Bxf6 Qxf6 12. Ne4 Qe7 13. Nxc5 Qxc5 14. Qd2 a5 {½-½ (57) Dubov,D (2699)-Mamedyarov,S (2764) chess24.com INT 2020}) 9. Bg2 {[%emt 0:08:04] The position is equal.} c6 10. Bd2 d6 11. a3 Be6 12. Qc2 h6 13. Na4 Ba7 14. c5 dxc5 15. Nxc5 Bxc5 16. Qxc5 Bd5 17. f3 a4 18. e4 Nd7 19. Qe3 Bb3 20. f4 Qb6 21. Qxb6 Nxb6 22. Rac1 Rfd8 23. Rf3 (23. fxe5 Rxd3 24. Bc3 Nc4 $15) 23... Nd7 24. Bh3 Be6 25. Bxe6 fxe6 26. Kf2 c5 27. Ke2 b6 28. Bc3 Rac8 29. Rff1 Rf8 (29... exf4 $11 {remains equal.} 30. gxf4 Nf6) 30. Ke3 (30. Bxe5 $16 Nxe5 31. fxe5) 30... Rc7 (30... exf4+ $14 31. gxf4 (31. Rxf4 e5 $11) 31... Kh7) 31. fxe5 {[%emt 0:06:34] White now steadily converts the win.} Rxf1 32. Rxf1 $16 {[%emt 0:00:04][%mdl 4096] Endgame KRB-KRN} Nb8 33. d4 cxd4+ 34. Bxd4 Rc2 35. Rd1 (35. Bxb6 $6 Rxb2 36. Bc7 Nc6 $14) 35... Nc6 {[%emt 0:00:43] [#]} (35... Rxh2 $142 36. Bc3 (36. Bxb6 Nc6 $14) 36... Kf7) 36. Bc3 $1 $18 {[%emt 0:00:09] Threatens to win with Rd6.} ({Less strong is} 36. Bxb6 Rxb2 37. Bc7 Rxh2 $14) 36... Rxh2 37. Rd6 Na5 {[%emt 0:00:01] White must now prevent ...Nc4+.} 38. Kf3 ({Wrong is} 38. Rxe6 $2 Kf7 39. Rd6 Nc4+ 40. Kf4 g5+ 41. Kg4 Nxd6 42. exd6 Ke6 $19) 38... Kf7 39. Rxb6 Nc4 {[%emt 0:03:07] [#]} 40. Rb7+ Ke8 41. Rxg7 Nxb2 (41... Rc2 $142 42. Ra7 Nxa3 43. Rxa4 Nb5 44. Ra8+ Kf7) 42. Bb4 Kd8 43. Re7 Nc4 44. Rxe6 h5 45. Bd6 h4 46. Rg6 {[%emt 0:01:39] Strongly threatening Rg8+.} Rh3 $2 (46... Ke8 47. gxh4 Rxh4) 47. Rg8+ Kd7 48. Rg7+ Ke8 49. Rc7 Rxg3+ 50. Kf4 Nxd6 51. exd6 {[%emt 0:00:03] e5 would kill now.} Rxa3 52. Kf5 Rg3 53. e5 {[%emt 0:00:21] Weighted Error Value: White=0.06 (flawless) /Black=0.43} 1-0